[Event "Kragero Resort International 2022"]
[Site "Kragero"]
[Date "2022.02.24"]
[Round "3.7"]
[White "Johannessen, Martin T."]
[Black "Lye, Sigurd"]
[Result "1-0"]
[ECO "D35"]
[WhiteElo "1629"]
[BlackElo "1810"]
[Annotator "NA RC"]
[PlyCount "87"]
[EventDate "2022.02.23"]
[EventType "swiss"]
[EventCountry "NOR"]
[SourceTitle "playchess.com"]
[Source "ChessBase"]
[SourceQuality "1"]
[TimeControl "5400+30"]

1. d4 Nf6 2. c4 e6 3. Nc3 Bb4 4. Bf4 d5 5. e3 O-O 6. Nf3 c5 {[%emt 0:09:47] 6...c5 is better than 6...Ne4.} 7. Be2 Nc6 8. O-O cxd4 9. Nxd4 {[%emt 0:04:04] [#]} Bd6 $146 ({Predecessor:} 9... Qe7 10. cxd5 exd5 11. Rc1 Rd8 12. Ncb5 Bd7 13. a3 Nxd4 14. Nxd4 Bc5 15. Bf3 h6 {½-½ (34) Howell,D (2658)-Abasov,N (2664) Tornelo INT 2021}) 10. cxd5 Nxd4 11. Qxd4 Bxf4 12. exf4 exd5 13. Bf3 Be6 14. Rfd1 Qd7 15. Rd2 ({Wrong is} 15. Bxd5 $2 Nxd5 16. f5 (16. Nxd5 $2 Rfd8 $19) 16... Nxc3 17. Qxd7 Bxd7 $19) (15. Nxd5 $2 Bxd5 16. Bxd5 Rad8 17. Qxa7 Nxd5 $19) 15... Rfd8 16. Rad1 Qe8 17. Qe5 Nd7 18. Qe3 Nb6 19. b3 Qc6 20. f5 ({Better is} 20. a4) 20... Bxf5 21. Nxd5 Nxd5 22. Bxd5 Qe8 23. Qf3 Bg6 24. Re2 Qf8 25. Rde1 Rab8 26. Bxb7 Bd3 27. Re7 Bg6 28. Bc6 Rbc8 29. h3 a5 30. R1e3 h6 $16 31. Qe2 Kh7 32. Be4 Rc1+ 33. Kh2 Bxe4 34. R3xe4 Rdd1 35. Qf3 Rh1+ 36. Kg3 Qb8+ 37. Qf4 Rc3+ 38. f3 Qb6 39. Qxf7 Qd6+ 40. Rf4 Rxf3+ 41. gxf3 Rg1+ 42. Kh4 Qxf4+ 43. Qxf4 Kh8 44. Qg4 1-0

[Event "Kragero Resort International 2022"]
[Site "Kragero"]
[Date "2022.02.24"]
[Round "3.8"]
[White "Alvanjyan, Aida"]
[Black "Thorisson, Benedikt"]
[Result "0-1"]
[ECO "C01"]
[WhiteElo "1566"]
[BlackElo "1790"]
[Annotator "NA RC"]
[PlyCount "72"]
[EventDate "2022.02.23"]
[EventType "swiss"]
[EventCountry "NOR"]
[SourceTitle "playchess.com"]
[Source "ChessBase"]
[SourceQuality "1"]
[TimeControl "5400+30"]

1. e4 e6 2. d4 d5 3. Bd3 Nf6 4. e5 Nfd7 5. Ne2 c5 6. c3 Nc6 7. a3 a5 8. O-O Be7 9. f4 Qb6 10. Bc2 cxd4 11. cxd4 Nxd4 12. Be3 Nxe2+ 13. Qxe2 Bc5 14. Bxc5 Qxc5+ 15. Kh1 b6 16. Nc3 O-O 17. Rf3 Qe7 18. Rh3 g6 19. Qg4 Bb7 20. Re1 Rac8 21. f5 exf5 22. Bxf5 Rcd8 23. Qg3 Nc5 24. Rh6 Ne6 25. h4 Ng7 26. Bb1 Qd7 27. Rf1 d4 28. Ne4 Bxe4 29. Bxe4 d3 30. h5 d2 31. Bc2 Rc8 32. hxg6 Rxc2 33. Rxh7 d1=Q 34. Rxd1 Qxd1+ 35. Kh2 Rc1 36. Qh4 Qh1+ 0-1

[Event "Kragero Resort International 2022"]
[Site "Kragero"]
[Date "2022.02.24"]
[Round "3.13"]
[White "Kenneskog, Theodor"]
[Black "Kaasen, Tor Fredrik"]
[Result "0-1"]
[ECO "C60"]
[WhiteElo "2344"]
[BlackElo "2458"]
[Annotator "RC"]
[PlyCount "90"]
[EventDate "2022.02.23"]
[EventType "swiss"]
[EventCountry "NOR"]
[SourceTitle "playchess.com"]
[Source "ChessBase"]
[SourceQuality "1"]
[TimeControl "5400+30"]

1. e4 e5 2. Nf3 Nc6 3. Bb5 a6 4. Ba4 d6 5. O-O Bd7 6. c3 g6 7. d4 Bg7 8. Re1 Nf6 9. h3 O-O 10. Nbd2 exd4 11. cxd4 Nb4 12. Bxd7 Qxd7 13. Nb1 d5 14. Ne5 Qd8 15. a3 Nc6 16. Nxc6 bxc6 17. e5 Nd7 18. b4 a5 19. Bd2 axb4 20. Bxb4 c5 21. Bxc5 Nxc5 22. dxc5 Re8 23. f4 Ra5 24. Nd2 Rxc5 25. Rc1 Bf8 26. Kh2 Qe7 27. Nf3 Ra8 28. f5 gxf5 29. Rxc5 Qxc5 30. Nd4 Qc4 31. Kh1 Rxa3 32. Nxf5 Qf4 33. Nd4 Ra2 34. Nf3 Qg3 35. Re2 Rxe2 36. Qxe2 Qg6 37. Qb5 c5 38. Kh2 d4 39. Qc4 Qe6 40. Qd3 Bh6 41. Qe4 Qg6 42. Qa8+ Kg7 43. Qd8 Bf4+ 44. Kg1 Bg3 45. Kh1 h6 0-1

[Event "Kragero Resort International 2022"]
[Site "Kragero"]
[Date "2022.02.24"]
[Round "3.15"]
[White "Injac, Teodora"]
[Black "Gjestemoen-VonHirsch, Andre"]
[Result "1/2-1/2"]
[ECO "A16"]
[WhiteElo "2407"]
[BlackElo "2243"]
[Annotator "RC"]
[PlyCount "71"]
[EventDate "2022.02.23"]
[EventType "swiss"]
[EventCountry "NOR"]
[SourceTitle "playchess.com"]
[Source "ChessBase"]
[SourceQuality "1"]
[TimeControl "5400+30"]

1. Nf3 Nf6 2. c4 g6 3. Nc3 Bg7 4. e4 e5 5. Nxe5 O-O 6. f4 d6 7. Nf3 Nxe4 8. Nxe4 Re8 9. d3 f5 10. Be2 fxe4 11. dxe4 Nc6 12. O-O Qf6 13. c5 Rxe4 14. Ng5 Re7 15. cxd6 cxd6 16. Kh1 h6 17. Bc4+ Kh8 18. Nf3 Bf5 19. a3 Rae8 20. Ra2 Nd4 21. b3 Nxf3 22. Qxf3 Be4 23. Qf2 d5 24. Bb5 Rc8 25. Rd2 Qf5 26. Bb2 Bxb2 27. Rxb2 a6 28. Be2 Rec7 29. Rd2 Rc2 30. Bd1 R2c3 31. Qd4+ Kh7 32. Kg1 h5 33. Qf2 Rf8 34. Qd4 Rfc8 35. Qf2 Rf8 36. Qd4 1/2-1/2

[Event "Kragero Resort International 2022"]
[Site "Kragero"]
[Date "2022.02.24"]
[Round "3.16"]
[White "Grave, Jacob Templen"]
[Black "Reimanis, Ritvars"]
[Result "1/2-1/2"]
[ECO "A62"]
[WhiteElo "2267"]
[BlackElo "2397"]
[Annotator "RC"]
[PlyCount "55"]
[EventDate "2022.02.23"]
[EventType "swiss"]
[EventCountry "NOR"]
[SourceTitle "playchess.com"]
[Source "ChessBase"]
[SourceQuality "1"]
[TimeControl "5400+30"]

1. d4 Nf6 2. c4 e6 3. g3 c5 4. d5 d6 5. Nc3 exd5 6. cxd5 g6 7. Bg2 Bg7 8. Nf3 O-O 9. O-O Na6 10. Bf4 Nc7 11. a4 h6 12. e4 Bg4 13. Qd2 g5 14. Be3 Re8 15. Ne1 Bd7 16. f3 b5 17. axb5 Nxb5 18. Nc2 Rb8 19. Nxb5 Bxb5 20. Rfb1 a6 21. b4 Nd7 22. Ra2 Bc4 23. Ra3 Ne5 24. Qd1 Bb5 25. bxc5 Nc4 26. Rab3 Nxe3 27. Nxe3 dxc5 28. Nf5 1/2-1/2

[Event "Kragero Resort International 2022"]
[Site "Kragero"]
[Date "2022.02.24"]
[Round "3.21"]
[White "Bjorgvinsson, Andri Freyr"]
[Black "Stanford, Maxim Barth"]
[Result "1/2-1/2"]
[ECO "E09"]
[WhiteElo "2096"]
[BlackElo "2339"]
[Annotator "RC"]
[PlyCount "113"]
[EventDate "2022.02.23"]
[EventType "swiss"]
[EventCountry "NOR"]
[SourceTitle "playchess.com"]
[Source "ChessBase"]
[SourceQuality "1"]
[TimeControl "5400+30"]

1. d4 Nf6 2. c4 e6 3. g3 d5 4. Bg2 Be7 5. Nf3 O-O 6. O-O Nbd7 7. Qc2 c6 8. Nc3 b6 9. e4 dxe4 10. Nxe4 Nxe4 11. Qxe4 Ba6 12. b3 Rc8 13. Bf4 b5 14. Rac1 bxc4 15. bxc4 Qa5 16. Rc2 Qa4 17. Qd3 c5 18. Qb3 Qa5 19. Bd2 Qc7 20. Qa4 Bb7 21. Bf4 Bd6 22. Bxd6 Qxd6 23. dxc5 Nxc5 24. Qa3 e5 25. Qe3 e4 26. Nd4 Qe5 27. Nb3 Rfd8 28. Rd2 Rxd2 29. Nxd2 f5 30. Nb3 Ba6 31. Rd1 Bxc4 32. Bf1 Be6 33. f4 Qc7 34. Rc1 Bxb3 35. axb3 Qb6 36. Qd4 a5 37. Bc4+ Kh8 38. Kg2 h6 39. h4 Qb4 40. Qd5 Rf8 41. Qd6 Nd3 42. Qxb4 axb4 43. Bxd3 exd3 44. Rd1 Rc8 45. Rxd3 Rc3 46. Rd5 Rxb3 47. Rxf5 Kg8 48. Kh3 Rb1 49. h5 b3 50. Kg4 b2 51. Rb5 Kf7 52. Rb6 Ke7 53. Kf5 Rg1 54. Rxb2 Rxg3 55. Rb7+ Kf8 56. Ke6 Re3+ 57. Kf5 1/2-1/2

[Event "Kragero Resort International 2022"]
[Site "Kragero"]
[Date "2022.02.24"]
[Round "3.22"]
[White "Hirneise, Jens"]
[Black "Blokhin, Sofia"]
[Result "0-1"]
[ECO "B43"]
[WhiteElo "2327"]
[BlackElo "2059"]
[Annotator "RC"]
[PlyCount "102"]
[EventDate "2022.02.23"]
[EventType "swiss"]
[EventCountry "NOR"]
[SourceTitle "playchess.com"]
[Source "ChessBase"]
[SourceQuality "1"]
[TimeControl "5400+30"]

1. e4 c5 2. Nf3 e6 3. d4 cxd4 4. Nxd4 a6 5. a3 Nf6 6. Nc3 Qc7 7. Be2 Nc6 8. f4 d6 9. Be3 Be7 10. g4 Nd7 11. h4 b5 12. Nxc6 Qxc6 13. g5 Bb7 14. Qd4 e5 15. Qd2 f5 16. Bh5+ g6 17. Bf3 exf4 18. Bxf4 Nc5 19. O-O-O fxe4 20. Bxe4 Nxe4 21. Nxe4 O-O 22. Rhe1 Qc4 23. b3 Qf7 24. Nxd6 Bxd6 25. Bxd6 Rfe8 26. Rf1 Qg7 27. Rf6 Be4 28. Bb4 Rac8 29. c3 Bf5 30. h5 Qc7 31. Qd5+ Kh8 32. Qd4 Kg8 33. hxg6 hxg6 34. Rh1 Re5 35. Kb2 Re2+ 36. Ka1 Re5 37. Bd6 Qc6 38. Rc1 Rd5 39. Be5 Qd7 40. Qf4 Qe7 41. Bd6 Qe2 42. Qh2 Qe3 43. Bf4 Qc5 44. Qb2 Rcd8 45. Rxa6 Rd1 46. a4 Qg1 47. Ka2 Rxc1 48. Bxc1 bxa4 49. bxa4 Be4 50. c4 Qf1 51. Qb3 Qxc1 0-1

[Event "Kragero Resort International 2022"]
[Site "Kragero"]
[Date "2022.02.24"]
[Round "3.24"]
[White "Verbin, Valentina"]
[Black "Ingebretsen, Jens E"]
[Result "1/2-1/2"]
[ECO "C78"]
[WhiteElo "2046"]
[BlackElo "2316"]
[Annotator "RC"]
[PlyCount "102"]
[EventDate "2022.02.23"]
[EventType "swiss"]
[EventCountry "NOR"]
[SourceTitle "playchess.com"]
[Source "ChessBase"]
[SourceQuality "1"]
[TimeControl "5400+30"]

1. e4 e5 2. Nf3 Nc6 3. Bb5 a6 4. Ba4 Nf6 5. O-O b5 6. Bb3 Bc5 7. c3 d6 8. d4 Bb6 9. a4 Rb8 10. Qd3 O-O 11. Bg5 Qe7 12. axb5 axb5 13. Bxf6 Qxf6 14. Qxb5 Bb7 15. Bd5 Ne7 16. dxe5 Qf4 17. Bxb7 Rxb7 18. Qd7 Ng6 19. exd6 Qxe4 20. dxc7 Bxc7 21. Nbd2 Qf4 22. Ra4 Qf6 23. Ne4 Qxf3 24. gxf3 Bxh2+ 25. Kxh2 Rxd7 26. b4 Rd3 27. b5 f5 28. Ng5 Rxc3 29. Ra7 h6 30. Ne6 Rf7 31. Ra8+ Kh7 32. b6 Rb7 33. Rb1 Rc6 34. Ra7 Rcxb6 35. Rxb7 Rxe6 36. Rf7 Ne5 37. Rxf5 Nd3 38. Rf7 Ne5 39. Rf5 Re7 40. Kg3 Kg6 41. Rf4 Rc7 42. Re4 Nf7 43. Rb6+ Kh7 44. f4 Rc3+ 45. f3 Rc7 46. Reb4 Rc2 47. Rd4 Rc7 48. Rdb4 Rc5 49. Rd4 Rc7 50. Rdb4 Rc5 51. Rd4 Rc7 1/2-1/2

[Event "Kragero Resort International 2022"]
[Site "Kragero"]
[Date "2022.02.24"]
[Round "3.25"]
[White "Van Dael, Siem"]
[Black "Krivenko, Dion"]
[Result "1-0"]
[ECO "B33"]
[WhiteElo "2303"]
[BlackElo "2012"]
[Annotator "RC"]
[PlyCount "67"]
[EventDate "2022.02.23"]
[EventType "swiss"]
[EventCountry "NOR"]
[SourceTitle "playchess.com"]
[Source "ChessBase"]
[SourceQuality "1"]
[TimeControl "5400+30"]

1. e4 c5 2. Nf3 Nc6 3. d4 cxd4 4. Nxd4 Qb6 5. Nb3 Nf6 6. Nc3 e6 7. Bd3 Bb4 8. O-O Bxc3 9. bxc3 d6 10. Ba3 Qc7 11. Re1 O-O 12. e5 dxe5 13. Bxf8 Kxf8 14. Nc5 b6 15. Ne4 Nd5 16. Bb5 Na5 17. c4 Nxc4 18. Bxc4 Qxc4 19. Qh5 Qc7 20. Qxh7 Nf6 21. Qh8+ Ng8 22. Re3 f6 23. Rg3 Qe7 24. Nxf6 Qxf6 25. Rf3 Qxf3 26. gxf3 Bb7 27. Rd1 Bd5 28. c4 Bc6 29. Rd6 Rc8 30. Qh3 Ne7 31. Qxe6 Bxf3 32. Rd7 Re8 33. Rxe7 Rxe7 34. Qc8+ 1-0

[Event "Kragero Resort International 2022"]
[Site "Kragero"]
[Date "2022.02.24"]
[Round "3.27"]
[White "Westrum, Kim Roger Hansen"]
[Black "Unneland, Mathias"]
[Result "1/2-1/2"]
[ECO "B96"]
[WhiteElo "1967"]
[BlackElo "2262"]
[Annotator "RC"]
[PlyCount "87"]
[EventDate "2022.02.23"]
[EventType "swiss"]
[EventCountry "NOR"]
[SourceTitle "playchess.com"]
[Source "ChessBase"]
[SourceQuality "1"]
[TimeControl "5400+30"]

1. e4 c5 2. Nf3 d6 3. d4 cxd4 4. Nxd4 Nf6 5. Nc3 a6 6. Bg5 e6 7. f4 h6 8. Bh4 Qb6 9. a3 Be7 10. Qd3 Nbd7 11. O-O-O Nc5 12. Qe3 Qc7 13. Bxf6 gxf6 14. f5 b5 15. Be2 h5 16. h4 Rb8 17. b4 Na4 18. Rd3 Nb6 19. Qg3 Bf8 20. Ndxb5 axb5 21. Nxb5 Qb7 22. Nxd6+ Bxd6 23. Rxd6 Qxe4 24. Bb5+ Ke7 25. Rxb6 Rxb6 26. Qc7+ Kf8 27. Qxb6 Qxf5 28. Qd6+ Kg7 29. Rh3 Qxb5 30. Rg3+ Kh7 31. Qe7 Qe8 32. Qxf6 Rg8 33. Rxg8 Qxg8 34. a4 Bb7 35. b5 Bxg2 36. a5 Bd5 37. a6 Qg1+ 38. Kb2 Qa7 39. Ka3 Qc5+ 40. Ka4 Qxc2+ 41. Ka5 Qc7+ 42. Kb4 Qc4+ 43. Ka5 Qc7+ 44. Kb4 1/2-1/2

[Event "Kragero Resort International 2022"]
[Site "Kragero"]
[Date "2022.02.24"]
[Round "3.28"]
[White "Radeva, Viktoria"]
[Black "Ihlen, Sivert"]
[Result "1-0"]
[ECO "C42"]
[WhiteElo "2261"]
[BlackElo "1962"]
[Annotator "RC"]
[PlyCount "67"]
[EventDate "2022.02.23"]
[EventType "swiss"]
[EventCountry "NOR"]
[SourceTitle "playchess.com"]
[Source "ChessBase"]
[SourceQuality "1"]
[TimeControl "5400+30"]

1. e4 e5 2. Nf3 Nf6 3. Nxe5 d6 4. Nf3 Nxe4 5. Nc3 Nxc3 6. dxc3 Be7 7. Be3 O-O 8. Qd2 Nd7 9. O-O-O Nf6 10. h3 c5 11. c4 Bd7 12. g4 Bc6 13. Bg2 a6 14. Ne1 Bxg2 15. Nxg2 b5 16. Qe2 Qa5 17. Kb1 bxc4 18. Bd2 Qc7 19. g5 Nd5 20. Qxc4 Nb6 21. Qf4 Rab8 22. Ne3 Qb7 23. Bc3 Rfd8 24. Nf5 d5 25. Rhe1 Bf8 26. Nh6+ gxh6 27. Qf6 d4 28. gxh6 Qg2 29. Rg1 Qg6 30. Rxg6+ hxg6 31. Ba5 Rd6 32. h7+ Kxh7 33. Qxf7+ Kh8 34. Qa7 1-0

[Event "Kragero Resort International 2022"]
[Site "Kragero"]
[Date "2022.02.24"]
[Round "4.1"]
[White "Omarsson, Adam"]
[Black "Engeset, Audun"]
[Result "0-1"]
[ECO "E20"]
[WhiteElo "1546"]
[BlackElo "1823"]
[Annotator "NA RC"]
[PlyCount "138"]
[EventDate "2022.02.23"]
[EventType "swiss"]
[EventCountry "NOR"]
[SourceTitle "playchess.com"]
[Source "ChessBase"]
[SourceQuality "1"]
[TimeControl "5400+30"]

1. d4 Nf6 2. c4 e6 3. Nc3 Bb4 4. f3 c5 5. d5 d6 6. e4 b5 7. Bd2 Bxc3 8. Bxc3 b4 9. Bd2 O-O 10. a3 Qb6 11. axb4 cxb4 12. Bd3 Nbd7 13. Ne2 Re8 14. Bc2 exd5 15. cxd5 Ba6 16. Ba4 Ne5 17. Nc1 Rec8 18. Bc6 Nxc6 19. dxc6 Rxc6 20. Qb3 Rac8 21. Qe3 Qb5 22. Nb3 R6c7 23. Nd4 Qd3 24. Qxd3 Bxd3 25. Kf2 d5 26. e5 Nd7 27. Bxb4 Rb7 28. Bd6 Rxb2+ 29. Ke3 Bg6 30. Rhc1 Re8 31. Nc6 Rxg2 32. Rxa7 Nb6 33. Kd4 Rd2+ 34. Kc5 Nc4 35. Ne7+ Kh8 36. Kc6 Bh5 37. Rca1 h6 38. f4 Kh7 39. Kd7 Rh8 40. R1a2 d4 41. Rxd2 Nxd2 42. Nf5 Bg4 43. Ke7 Bxf5 44. Kxf7 Bg6+ 45. Ke6 Re8+ 46. Kd7 Nf3 47. f5 Nxe5+ 48. Bxe5 Rxe5 49. fxg6+ Kxg6 50. Ra2 Kf5 51. Kd6 Rb5 52. Kc6 Re5 53. Kd6 Re3 54. Kd5 d3 55. Kd4 Rh3 56. Rf2+ Ke6 57. Ke4 g5 58. Ra2 Kf7 59. Rb2 Kg6 60. Rg2 Kh5 61. Kf5 Re3 62. Rd2 Re2 63. Rxd3 Rxh2 64. Ke4 Rf2 65. Rd1 g4 66. Ke3 Rf5 67. Rg1 Kg5 68. Rb1 h5 69. Rb8 g3 0-1

[Event "Kragero Resort International 2022"]
[Site "Kragero"]
[Date "2022.02.24"]
[Round "4.2"]
[White "Haug, Havard"]
[Black "Jonsson, Kristjan Dagur"]
[Result "1-0"]
[ECO "B10"]
[WhiteElo "1801"]
[BlackElo "1797"]
[Annotator "NA RC"]
[PlyCount "115"]
[EventDate "2022.02.23"]
[EventType "swiss"]
[EventCountry "NOR"]
[SourceTitle "playchess.com"]
[Source "ChessBase"]
[SourceQuality "1"]
[TimeControl "5400+30"]

1. e4 c6 2. c4 d5 3. cxd5 cxd5 4. exd5 Nf6 5. Nc3 Nxd5 6. Bc4 Nb6 7. Bb3 Nc6 8. Nf3 Bf5 9. d4 Nb4 10. Ba4+ Bd7 11. Bxd7+ Nxd7 12. O-O Nb6 13. Ne5 e6 14. Qh5 g6 15. Qf3 f5 16. Qxb7 Qe7 17. Qf3 Bg7 18. Nc6 Nxc6 19. Qxc6+ Kf7 20. d5 Rac8 21. dxe6+ Qxe6 22. Qxe6+ Kxe6 23. Re1+ Kf7 24. Nb5 Nc4 25. Bf4 a6 26. Nd6+ Nxd6 27. Bxd6 Bxb2 28. Re7+ Kf6 29. Rae1 Rc1 30. Rxc1 Bxc1 31. Ra7 Re8 32. g3 Re6 33. Rxa6 f4 34. Kg2 g5 35. Rb6 g4 36. gxf4 Bxf4 37. Bc5 Rxb6 38. Bxb6 Bd6 39. a4 Ke6 40. a5 Kd5 41. a6 Kc6 42. Be3 h5 43. h3 Kc7 44. f3 g3 45. h4 Kb8 46. f4 Be7 47. Kxg3 Bf6 48. f5 Ka8 49. Bg5 Be5+ 50. Kf3 Ka7 51. Be7 Kxa6 52. f6 Kb7 53. f7 Bg7 54. f8=Q Bxf8 55. Bxf8 Kc8 56. Kf4 Kd7 57. Kg5 Ke8 58. Ba3 1-0

[Event "Kragero Resort International 2022"]
[Site "Kragero"]
[Date "2022.02.24"]
[Round "4.3"]
[White "Strand, Amund Pihl"]
[Black "Dahli, Vincent"]
[Result "1-0"]
[ECO "A11"]
[WhiteElo "1748"]
[BlackElo "1714"]
[Annotator "NA RC"]
[PlyCount "65"]
[EventDate "2022.02.23"]
[EventType "swiss"]
[EventCountry "NOR"]
[SourceTitle "playchess.com"]
[Source "ChessBase"]
[SourceQuality "1"]
[TimeControl "5400+30"]

1. c4 c6 2. g3 d5 3. Bg2 dxc4 4. Nf3 Nf6 5. O-O Nbd7 6. Na3 e5 7. Nxc4 Qc7 8. d4 exd4 9. Bf4 Qd8 10. Qxd4 Bc5 11. Nd6+ Bxd6 12. Bxd6 Nb6 13. Ne5 Nbd5 14. Ba3 Be6 15. Rfd1 Qc7 16. Nc4 b6 17. Nd6+ Kd7 18. e4 c5 19. Qa4+ Kxd6 20. exd5 Nxd5 21. Rxd5+ Bxd5 22. Rd1 Rac8 23. Rxd5+ Ke7 24. Qe4+ Kf8 25. b4 Re8 26. Qc4 h6 27. bxc5 Kg8 28. c6 b5 29. Rxb5 Qc8 30. Bd5 Re1+ 31. Kg2 Qf5 32. Bxf7+ Qxf7 33. Rb8+ 1-0

[Event "Kragero Resort International 2022"]
[Site "Kragero"]
[Date "2022.02.24"]
[Round "4.4"]
[White "Thorisson, Benedikt"]
[Black "Johannessen, Martin T."]
[Result "1/2-1/2"]
[ECO "B76"]
[WhiteElo "1790"]
[BlackElo "1629"]
[Annotator "NA RC"]
[PlyCount "85"]
[EventDate "2022.02.23"]
[EventType "swiss"]
[EventCountry "NOR"]
[SourceTitle "playchess.com"]
[Source "ChessBase"]
[SourceQuality "1"]
[TimeControl "5400+30"]

1. e4 c5 2. Nf3 d6 3. d4 cxd4 4. Nxd4 Nf6 5. Nc3 g6 6. Be3 Bg7 7. f3 O-O 8. Qd2 Nc6 9. g4 Nxd4 10. Bxd4 Be6 11. h4 Rc8 12. h5 Qa5 13. Bh3 g5 14. e5 Nd5 15. Qxg5 h6 16. Qd2 dxe5 17. Nxd5 Qxd2+ 18. Kxd2 Bxd5 19. Bxa7 Bxf3 20. Rhg1 Rfd8+ 21. Ke3 e4 22. g5 Rc6 23. gxh6 Rxh6 24. Rg3 Bxh5 25. Rag1 Bg6 26. Bf5 Rd6 27. Bc5 Rd5 28. Bxg6 Rxg6 29. Bxe7 Bxb2 30. Rxg6+ fxg6 31. Rxg6+ Kf7 32. Rd6 Ra5 33. Rb6 Bc1+ 34. Kxe4 Kxe7 35. Rxb7+ Kd6 36. c4 Rxa2 37. Kd4 Bb2+ 38. Kd3 Kc6 39. Rb8 Be5 40. Rb3 Rh2 41. Ke4 Bf6 42. Rf3 Rh4+ 43. Rf4 1/2-1/2

[Event "Kragero Resort International 2022"]
[Site "Kragero"]
[Date "2022.02.24"]
[Round "4.5"]
[White "Stolp, Aleksander"]
[Black "Ostensen, Nicolai Maxime"]
[Result "0-1"]
[ECO "A74"]
[WhiteElo "1680"]
[BlackElo "1728"]
[Annotator "NA RC"]
[PlyCount "126"]
[EventDate "2022.02.23"]
[EventType "swiss"]
[EventCountry "NOR"]
[SourceTitle "playchess.com"]
[Source "ChessBase"]
[SourceQuality "1"]
[TimeControl "5400+30"]

1. d4 Nf6 2. c4 c5 3. d5 e6 4. Nc3 exd5 5. cxd5 d6 6. Nf3 g6 7. Nd2 a6 8. a4 Bg7 9. e4 O-O 10. Be2 Nbd7 11. O-O Rb8 12. a5 Ne8 13. Nc4 Qe7 14. Qc2 Ne5 15. Nb6 f5 16. f4 Nd7 17. Nxc8 Rxc8 18. exf5 gxf5 19. Nd1 Nef6 20. Ne3 Ne4 21. Bf3 Rce8 22. Ra3 Bd4 23. Kh1 Qf7 24. Qd1 Qe7 25. Rb3 Rb8 26. Qc2 Bxe3 27. Rxe3 Ndf6 28. Bxe4 Nxe4 29. b3 Rbe8 30. Rff3 Rf6 31. Bb2 Rg6 32. Kg1 Qd8 33. Bc3 Qd7 34. Qd3 h6 35. Bb2 Qb5 36. Qxb5 axb5 37. Rf1 b4 38. Ra1 Ra8 39. Ra4 Ra6 40. Rh3 Nd2 41. Rd3 Ne4 42. Rh3 Ra8 43. Rh5 Nd2 44. Rh3 Kh7 45. Re3 Ne4 46. Rh3 Rg4 47. Rf3 Rgg8 48. Rh3 Ra6 49. Re3 h5 50. Re1 Rga8 51. Rea1 Kg6 52. g3 Kf7 53. Kg2 Nd2 54. Re1 Rxa5 55. Rxa5 Rxa5 56. Re6 Ne4 57. Kh3 b5 58. Rh6 Ra2 59. Bh8 Nf2+ 60. Kh4 Ne4 61. Kh3 c4 62. Bd4 Rd2 63. Bh8 cxb3 0-1

[Event "Kragero Resort International 2022"]
[Site "Kragero"]
[Date "2022.02.24"]
[Round "4.6"]
[White "Haugen, Lars Tormod"]
[Black "Lien, Sebastian"]
[Result "1-0"]
[ECO "A28"]
[WhiteElo "1710"]
[BlackElo "1532"]
[Annotator "NA RC"]
[PlyCount "97"]
[EventDate "2022.02.23"]
[EventType "swiss"]
[EventCountry "NOR"]
[SourceTitle "playchess.com"]
[Source "ChessBase"]
[SourceQuality "1"]
[TimeControl "5400+30"]

1. c4 e5 2. Nc3 Nf6 3. Nf3 Nc6 4. a3 d5 5. cxd5 Nxd5 6. Qc2 Be6 7. e3 Be7 8. b4 a6 9. Bb2 O-O 10. Nxd5 Qxd5 11. Rc1 f5 12. Be2 e4 13. Nd4 Nxd4 14. Bxd4 c6 15. O-O Rad8 16. f3 Bf6 17. fxe4 fxe4 18. Bxf6 Rxf6 19. Rxf6 gxf6 20. Bc4 Qxc4 21. Qxc4 Bxc4 22. Rxc4 f5 23. Rd4 Rxd4 24. exd4 Kf7 25. Kf2 f4 26. g3 f3 27. d3 exd3 28. Kxf3 Kf6 29. Ke3 d2 30. Kxd2 Kf5 31. Ke3 Kg4 32. Kf2 Kh3 33. Kg1 b6 34. a4 a5 35. bxa5 bxa5 36. Kh1 h5 37. Kg1 h4 38. gxh4 Kxh4 39. Kg2 Kg4 40. h3+ Kf4 41. Kf2 Ke4 42. Ke2 Kxd4 43. h4 Ke5 44. Kd3 Kf5 45. Kc4 Kg4 46. Kc5 Kxh4 47. Kxc6 Kg5 48. Kb5 Kf6 49. Kxa5 1-0

[Event "Kragero Resort International 2022"]
[Site "Kragero"]
[Date "2022.02.24"]
[Round "4.7"]
[White "Carlin, Tormod"]
[Black "Omtvedt, Per"]
[Result "0-1"]
[ECO "D36"]
[WhiteElo "1630"]
[BlackElo "1829"]
[Annotator "NA RC"]
[PlyCount "166"]
[EventDate "2022.02.23"]
[EventType "swiss"]
[EventCountry "NOR"]
[SourceTitle "playchess.com"]
[Source "ChessBase"]
[SourceQuality "1"]
[TimeControl "5400+30"]

1. d4 Nf6 2. c4 e6 3. Nc3 d5 4. cxd5 exd5 5. Bg5 c6 6. Qc2 Be7 7. e3 O-O 8. Bd3 Nbd7 9. Nge2 Re8 10. O-O h6 11. Bh4 Ne4 12. Bxe7 Qxe7 13. Bxe4 dxe4 14. d5 Nf6 15. dxc6 bxc6 16. Rfd1 Ba6 17. Rac1 Bd3 18. Qa4 c5 19. b3 Rab8 20. Nf4 Red8 21. Nxd3 exd3 22. Qc4 Rb4 23. Qa6 Rb6 24. Qc4 Rb4 25. Qa6 Rb6 26. Qa5 Ng4 27. h3 Nxe3 28. fxe3 Qxe3+ 29. Kh1 d2 30. Rb1 Rdd6 31. Na4 Rbc6 32. Rb2 Ra6 33. Qxc5 Qe1+ 34. Qg1 Qe2 35. Nc5 Rac6 36. b4 a5 37. Nb7 Rc1 38. Rxc1 dxc1=Q 39. Qxc1 Rd1+ 40. Qxd1 Qxd1+ 41. Kh2 Qd5 42. Rb3 Qxb7 43. bxa5 Qc7+ 44. Kg1 Qxa5 45. Rb8+ Kh7 46. Rb3 Qxa2 47. Rf3 g5 48. g4 Kg6 49. Rf2 Qe6 50. Kg2 h5 51. Kg3 Qe3+ 52. Kg2 h4 53. Rf3 Qe4 54. Kf2 f6 55. Kg2 Qd5 56. Kf2 Qd2+ 57. Kg1 Qe1+ 58. Kg2 Kf7 59. Rf2 Ke6 60. Rf3 Ke5 61. Rf5+ Ke4 62. Rf2 Qe3 63. Kg1 Qxh3 64. Re2+ Qe3+ 65. Rxe3+ Kxe3 66. Kg2 Kf4 67. Kh3 Kf3 68. Kh2 Kxg4 69. Kg2 f5 70. Kf2 f4 71. Kg2 f3+ 72. Kf2 Kf4 73. Kf1 Ke3 74. Kg1 Ke2 75. Kh1 f2 76. Kh2 f1=R 77. Kg2 g4 78. Kh2 Rf2+ 79. Kh1 Kf3 80. Kg1 h3 81. Kh1 g3 82. Kg1 Ra2 83. Kh1 Ra1# 0-1

[Event "Kragero Resort International 2022"]
[Site "Kragero"]
[Date "2022.02.24"]
[Round "4.8"]
[White "Heitun, Odd Gunnar"]
[Black "Hammari, Vinjar"]
[Result "0-1"]
[ECO "D94"]
[WhiteElo "1616"]
[BlackElo "1775"]
[Annotator "NA RC"]
[PlyCount "120"]
[EventDate "2022.02.23"]
[EventType "swiss"]
[EventCountry "NOR"]
[SourceTitle "playchess.com"]
[Source "ChessBase"]
[SourceQuality "1"]
[TimeControl "5400+30"]

1. d4 c5 2. Nf3 Nf6 3. c4 g6 4. Nc3 Bg7 5. e3 O-O 6. Be2 cxd4 7. exd4 d5 8. O-O Nc6 9. h3 dxc4 10. Bxc4 Na5 11. Be2 Be6 12. b3 Nc6 13. Bb2 Nd5 14. Nxd5 Bxd5 15. Rc1 Rc8 16. Re1 Qa5 17. a3 Rfd8 18. b4 Qb6 19. Rc5 e6 20. Rb5 Qc7 21. Rc5 Qe7 22. Qc1 a6 23. Ne5 Rc7 24. Nxc6 Rxc6 25. Rxc6 Bxc6 26. Qe3 Qh4 27. Rd1 Ba4 28. Re1 Bxd4 29. Bxd4 Qxd4 30. Qg5 Qd2 31. Qxd2 Rxd2 32. Bf3 Rd7 33. Re3 Kf8 34. Rc3 Ke7 35. Kh2 Kd6 36. Rd3+ Kc7 37. Rc3+ Kb6 38. Kg3 Rd2 39. h4 e5 40. Re3 f6 41. h5 Bb5 42. h6 Rd4 43. Be2 Bxe2 44. Rxe2 Rd3+ 45. Re3 Rxe3+ 46. fxe3 a5 47. Kf3 axb4 48. axb4 Kc6 49. Ke4 Kd6 50. g4 Ke6 51. Kf3 f5 52. g5 Kd5 53. e4+ fxe4+ 54. Ke3 b5 55. Ke2 Kd4 56. Kd2 e3+ 57. Ke2 Ke4 58. Ke1 Kf4 59. Ke2 e4 60. Ke1 Kxg5 0-1